 Dungeon Crawl Stone Soup version 0.24-a0-462-ge24419a6ad (webtiles) character file.

Game seed: 14636694229107745549

82 Mrkan the Chopper (level 4, 0/41 HPs)
             Began as a Hill Orc Abyssal Knight on July 2, 2019.
             Was a Follower of Lugonu.
             Killed from afar by an orc wizard (8 damage)
             ... with a puff of flame
             ... on level 2 of the Dungeon.
             The game lasted 00:02:23 (1030 turns).

Mrkan the Chopper (Hill Orc Abyssal Knight)         Turns: 1030, Time: 00:02:23

Health: 0/41       AC:  4    Str: 15    XL:     4   Next: 43%
Magic:  6/6        EV: 11    Int: 12    God:    Lugonu [*.....]
Gold:   53         SH:  0    Dex: 10    Spells: 3/3 levels left

rFire    . . .     SeeInvis .   a - +1 hand axe
rCold    . . .     Gourm    .   (no shield)
rNeg     . . .     Faith    .   b - +0 leather armour
rPois    .         Spirit   .   (no helmet)
rElec    .         Reflect  .   (no cloak)
rCorr    .         Harm     .   (no gloves)
MR       .....                  m - +0 pair of boots
Stlth    +.........             (no amulet)
HPRegen  0.13/turn              (no ring)
MPRegen  0.10/turn              (no ring)

@: no status effects
A: no striking features
a: Depart the Abyss, Renounce Religion


You were on level 2 of the Dungeon.
You worshipped Lugonu.
Lugonu was aware of your devotion.
You were hungry.

You visited 1 branch of the dungeon, and saw 2 of its levels.
You visited the Abyss 1 time.

You collected 53 gold pieces.

Inventory:

Hand Weapons
 a - a +1 hand axe (weapon)
Missiles
 j - 16 bolts
Armour
 b - a +0 leather armour (worn)
 m - a +0 pair of boots (worn)
Wands
 l - a wand of enslavement (5)
Scrolls
 e - 2 scrolls of remove curse {unknown}
 g - 3 scrolls of identify {unknown}
 h - a scroll of teleportation {unknown}
 i - a scroll of enchant weapon {unknown}
 n - a scroll of noise {unknown}
Potions
 d - 2 potions of brilliance {unknown}
 k - a potion of flight {unknown}
 o - a potion of cancellation {unknown}
Comestibles
 c - 3 rations
 f - 4 chunks of flesh


   Skills:
 + Level 4.3 Fighting
 * Level 4.6 Axes
 - Level 2.1 Armour
 - Level 0.7 Dodging
 + Level 3.5 Invocations


You had 3 spell levels left.
You didn't know any spells.
Your spell library was empty.

Dungeon Overview and Level Annotations

Branches:
Dungeon (2/15)

Altars:
Ashenzari


Message History

You are feeling hungry.
The orc wizard gestures at you while chanting.
The puff of flame hits you! The hobgoblin hits you with a +0 club.
* * * LOW HITPOINT WARNING * * *
You hit the hobgoblin.
The hobgoblin is heavily wounded.
The orc wizard mumbles some strange words.
The orc wizard flickers and vanishes!
Deactivating autopickup; reactivate with Ctrl-A.
The hobgoblin closely misses you.
You hit the hobgoblin.
You kill the hobgoblin!
Lugonu accepts your kill.
A magic dart appears from out of thin air!
The magic dart hits you.
* * * LOW HITPOINT WARNING * * *
A puff of flame appears from out of thin air!
The puff of flame hits you!
You die...

#.###........#..........##.....
#..........###..........##.....
#.........## #.................
#........## #..............#..
##)###...# ##..........#.#....
#.# #..## #.................>
#.# #.######...........##.....
#.###.........................
#.....{......@>........###...#
#......................###...#
#....†........................
#...)....................#.#..
###.##..................##.###
#.##..................#..# #
###.##.......†....###..##.## #
#............)...#.....##..# #
#...........#...#####...#.## #


There were no monsters in sight!

Vanquished Creatures
  4 adders (D:2)
  A worm (D:2)
  A dart slug (D:1)
  A leopard gecko (D:1)
  A ball python (D:2)
  A bat (D:1)
  3 giant cockroaches
  9 goblins
  3 hobgoblins
  4 jackals (D:2)
  3 frilled lizards
  2 kobolds (D:1)
  6 rats
39 creatures vanquished.

Notes
Turn   | Place    | Note
-------+----------+-------------------------------------------
     0 | Abyss:1  | Mrkan the Hill Orc Abyssal Knight began the quest for the
                  | Orb.
     0 | Abyss:1  | Reached XP level 1. HP: 19/19 MP: 2/2
    65 | Abyss:1  | Noticed a small abomination
    66 | Abyss:1  | Noticed a large abomination
    68 | D:1      | Escaped the Abyss
   172 | D:1      | Reached XP level 2. HP: 16/27 MP: 4/4
   199 | D:1      | Found a shattered altar of Ashenzari.
   419 | D:1      | Reached * piety under Lugonu
   655 | D:2      | Reached XP level 3. HP: 19/33 MP: 5/5
   907 | D:2      | Reached XP level 4. HP: 23/40 MP: 6/6
  1030 | D:2      | Killed from afar by an orc wizard

Levels and vault maps discovered:
D:1:      eino_arrival_cavern_d, layout_rooms, ebering_dispersal_statue_hall,
          evilmike_ruin_ashenzari
D:2:      layout_rooms, first_ration

Skill      XL: |  1  2  3 |
---------------+----------+-----
Axes           | 3 4 |  4.6
Invocations    | 3 |  3.5
Fighting       | 4 |  4.3
Armour         | |  2.1
Dodging        | |  0.7

Action                   |  1- 3 |  4- 6 || total
-------------------------+-------+-------++-------
Melee: Hand axe          |    98 |    21 ||   119
Invok: Depart the Abyss  |     1 |       ||     1
Armor: Leather armour    |    23 |     8 ||    31
Dodge: Dodged            |    60 |    21 ||    81

Table legend:
 A = Non-vault XP
 B = Vault XP
 C = Vault XP percentage of total XP
 D = Non-vault monster count
 E = Vault monster count
 F = Vault count percentage of total count
                 A         B        C        D         E       F
            +---------+---------+-------+---------+---------+-------
      Total |     118 |       0 |   0.0 |      39 |       0 |   0.0
            +---------+---------+-------+---------+---------+-------
        D:1 |      28 |       0 |   0.0 |      15 |       0 |   0.0
        D:2 |      90 |       0 |   0.0 |      24 |       0 |   0.0
            +---------+---------+-------+---------+---------+-------
